 Dungeon Crawl Stone Soup version 0.01-2115-ge649c80b0b (webtiles) character file.

Game seed: 13064551381018804092, levelgen mode: deterministic

1544 Lanoc the Fighter (level 8, -1/75 HPs) Pink Draconian Demonspawn. Began on June 10, 2020. Slain by an unseen horror (8 damage) ... on level 5 of the Dungeon. The game lasted 00:11:01 (3805 turns).

Lanoc the Fighter (Pink Draconian Demonspawn)       Turns: 3805, Time: 00:11:02

Health: -1/75      AC:  7    Str: 16    XL:     8 ^: 592
Magic:  0/12       EV: 15    Int: 13    God:
Gold:   199        SH:  0    Dex: 13    Spells: 11/12 levels left

rFire    . . .     Vision   .   a - +0 trident
rCold    + . .     Gourm    .   i - +4 dagger
rNeg     + + .     Faith    .   (armour unavailable)
rPois    .         Spirit   +   (helmet restricted)
rElec    .         Reflect  .   q - scarf {Spirit}
rCorr    .         Harm     .   (no gloves)
MR       .....     Clarity  +   (no boots)
Stlth    ++........             (no amulet)
HPRegen  0.35/turn              p - ring of positive energy
MPRegen  0.22/turn              (no ring)

@: no status effects
A: no body armour, unfitting armour, antennae 2, cold resistance 1, demonic
guardian 1, negative energy resistance 1, cold-blooded, summoning enhancer 1,
clarity, AC +7
a: Breathe Butterflies


You were on level 5 of the Dungeon.
You were not hungry.

You visited 1 branch of the dungeon, and saw 5 of its levels.

You collected 199 gold pieces.

Inventory:

Weapons
 a - a +0 trident (weapon)
 i - a +4 dagger (weapon)
Armour
 q - a scarf of spirit shield (worn)
Jewellery
 p - a ring of positive energy (left hand)
Wands
 j - a wand of polymorph (1)
Scrolls
 b - 2 scrolls of blinking
 e - a scroll of immolation
 f - a scroll of fear
 g - a scroll of amnesia
 m - a scroll of teleportation
Potions
 d - 2 potions of cancellation
 h - 3 potions of agility
 k - a potion of curing
 l - a potion of berserk rage
 n - a potion of resistance
 o - a potion of brilliance
 r - 2 potions of mutation
 s - a potion of ambrosia
 u - a potion of might
Comestibles
 c - 7 rations
 t - 4 chunks of flesh


   Skills:
 + Level 8.7 Fighting
 - Level 1.5 Polearms
 + Level 6.3 Dodging
 - Level 1.3 Stealth
 - Level 2.6 Spellcasting
   Level 3.0 Invocations


You had 11 spell levels left.
You knew the following spells:

 Your Spells              Type           Power        Failure   Level  Hunger
a - Flame Tongue          Fire           1 (40)       24%         1    #......

Your spell library contained the following spells:

 Spells                   Type           Power        Failure   Level  Hunger
 Blink                    Tloc           N/A          34%         2    ###....
 Call Imp                 Summ           2 (100)      34%         2    ###....
 Slow                     Hex            1 (100)      34%         2    ###....
 Conjure Flame            Fire           1 (100)      56%         3    ###....
 Mephitic Cloud           Pois/Air       1 (100)      56%         3    ###....
 Recall                   Summ/Tloc      N/A          56%         3    ###....
 Animate Dead             Necr           N/A          93%         4    #####..
 Borgnjor's Vile Clutch   Necr/Erth      1 (200)      100%        6    #######
 Death Channel            Chrm/Necr      1 (200)      100%        6    #######
 Simulacrum               Ice/Necr       1 (200)      100%        6    #######


Dungeon Overview and Level Annotations

Branches:
Dungeon (5/8)                Lair (0/6) D:5
 Temple: D:4

Altars:
Fedhas
Gozag
Kikubaaqudgha
Xom

Annotations:
D:4 3 runed translucent doors, Killmatronix's ghost, novice DEGl


Innate Abilities, Weirdness & Mutations

You cannot fit into any form of body armour.
Your fierce pink scales are hard. (AC +7)
You can breathe friendly butterflies.
You have a pair of antennae on your head.
You are cold resistant. (rC+)
A weak demonic guardian rushes to your aid.
You resist negative energy. (rN+)
You are cold-blooded and may be slowed by cold attacks.
You are in touch with the powers of summonings.
Your fierce pink scales grant you exceptional clarity of mind. (clarity)


Message History

The centaur shoots an arrow.
Your shadow imp hits something but does no damage.
Something barely misses your shadow imp (0).
Something hits your shadow imp (12)!
Your shadow imp dies!
The centaur shoots an arrow.
Something hits you (2). Something barely misses you (0).
The centaur shoots an arrow.
Something hits you (7)!
The centaur shoots an arrow.
Something hits you but does no damage. Something hits you (11)!
Something hits you (8)!
You hit something (3). You hit something (2). Something hits you (12)!
* * * LOW HITPOINT WARNING * * *
Something hits you (4).
* * * LOW HITPOINT WARNING * * *
Something hits you (9)!
* * * LOW HITPOINT WARNING * * *
Something hits you (1).
* * * LOW HITPOINT WARNING * * *
Something hits you (10)!
You die...

##.##......# #.#
#>.'...#### #.#
####...# #.# ###
#......# #.# #..
+......# ####
#.#.##......# #.PP#
#.#.........# #P_.P
###.#######...# #....
#....{@.####'#########P
#.#.###.#............##
#.....#.#........).#...
#..#..#.'.........†####
#..#..###.>........# #
#..#### #..........# #
#†.# #..........#
#.###.#c/####
#..........#
#...........#
#..........#


There were no monsters in sight!

Vanquished Creatures
  3 war dogs (D:5)
  Grum (D:5)
  Purgy (D:2)
  A bullfrog (D:4)
  2 howler monkeys (D:5)
  A scorpion (D:5)
  A quasit (D:5)
  3 jellies (D:2)
  An orc priest (D:5)
  2 hounds (D:5)
  3 iguanas
  4 orc wizards (D:5)
  2 worker ants
  3 adders
  2 worms
  8 cinder newts
  A worker ant zombie (D:5)
  A hound skeleton (D:3)
  3 oozes
  7 dart slugs
  6 leopard geckos
  12 orcs
  An adder skeleton (D:2)
  7 bats
  8 giant cockroaches
  3 goblins (D:1)
  A hobgoblin (D:1)
  7 jackals
  A quokka (D:5)
  2 ball pythons (D:2)
  A ball python skeleton (D:2)
  A bat skeleton (D:2)
  2 goblin skeletons (D:2)
  3 hobgoblin skeletons (D:2)
  15 kobolds
  An orc skeleton (D:2)
  A quokka skeleton (D:3)
  6 rats
128 creatures vanquished.

Vanquished Creatures (collateral kills)
  A big kobold (D:2)
  A crimson imp (D:4)
  An iguana (D:5)
  A bullfrog skeleton (D:3)
  A white imp (D:4)
  A leopard gecko (D:5)
6 creatures vanquished.

Vanquished Creatures (others)
  3 butterflies (D:5)
3 creatures vanquished.

Grand Total: 137 creatures vanquished

Notes
Turn   | Place    | Note
-------+----------+-------------------------------------------
     0 | D:1      | Lanoc the Immature Draconian Demonspawn began the quest for
                  | the Orb.
     0 | D:1      | Reached XP level 1. HP: 18/18 MP: 4/4
    46 | D:1      | Reached skill level 3 in Fighting
    46 | D:1      | Gained mutation: You have a pair of small antennae on your
                  | head. [demonic ancestry]
    46 | D:1      | Reached XP level 2. HP: 24/26 MP: 5/5
   135 | D:1      | Gained mutation: A weak demonic guardian rushes to your
                  | aid. [demonic ancestry]
   135 | D:1      | Reached XP level 3. HP: 15/31 MP: 7/7
   502 | D:2      | Reached XP level 4. HP: 40/40 MP: 8/8
   541 | D:2      | Reached skill level 4 in Fighting
   551 | D:2      | Noticed a big kobold
   954 | D:2      | Gained mutation: You have a pair of antennae on your head.
                  | [demonic ancestry]
   954 | D:2      | Reached XP level 5. HP: 47/47 MP: 5/9
   970 | D:2      | Noticed Purgy
   975 | D:2      | Killed Purgy
   975 | D:2      | Reached skill level 5 in Fighting
   975 | D:2      | Reached XP level 6. HP: 34/56 MP: 1/10
  1141 | D:2      | HP: 2/57 [acid (8)]
  2041 | D:3      | Found a shimmering altar of Xom.
  2170 | D:3      | Reached skill level 6 in Fighting
  2650 | D:3      | Your scales start taking on a fierce pink colour.
  2650 | D:3      | Reached XP level 7. HP: 60/63 MP: 9/11
  2650 | D:3      | Gained mutation: You are cold resistant. (rC+) [demonic
                  | ancestry]
  2650 | D:3      | Gained mutation: Your fierce pink scales grant you
                  | exceptional clarity of mind. (clarity) [Pink Draconian
                  | growth]
  2650 | D:3      | Gained mutation: You are in touch with the powers of
                  | summonings. [Pink Draconian growth]
  2689 | D:4      | Noticed Killmatronix's ghost (novice DEGl)
  2692 | D:4      | Found a runed translucent gate.
  2692 | D:4      | Found a runed translucent gate.
  2697 | D:4      | Found an opulent altar of Gozag.
  2703 | D:4      | Found a runed translucent gate.
  2837 | D:5      | Entered Level 5 of the Dungeon
  3084 | D:5      | Reached skill level 5 in Dodging
  3266 | D:5      | Noticed a war dog
  3268 | D:5      | Noticed Grum
  3354 | D:5      | Reached skill level 7 in Fighting
  3374 | D:5      | Killed Grum
  3377 | D:5      | Gained mutation: You resist negative energy. (rN+) [demonic
                  | ancestry]
  3377 | D:5      | Reached XP level 8. HP: 53/73 MP: 2/12
  3388 | D:5      | Reached skill level 8 in Fighting
  3602 | D:5      | Found a staircase to the Lair.
  3732 | D:5      | Found an ancient bone altar of Kikubaaqudgha.
  3733 | D:5      | Found a blossoming altar of Fedhas.
  3805 | D:5      | Slain by an unseen horror

Levels and vault maps discovered:
D:1:      sevenhm_arrival_forest_fort_small_3, layout_rooms
D:2:      layout_sewer, uniq_purgy
D:3:      layout_loops_ring, first_ration, basic_altar
D:4:      layout_long_grid, minmay_temple_entry_ruins,
          ebering_ghost_rock_garden, david_nohive_1, nicolae_gozag_seed_capital
D:5:      layout_basic, grunt_temple_overflow_growth_and_decay,
          lair_entry_dummy, uniq_psyche, uniq_grum

Skill      XL: |  1  2  3  4  5  6  7  8 |
---------------+-------------------------+-----
Fighting       | 3 4 5 6 7 8 |  8.7
Dodging        | 3 4 5 6 |  6.3
Polearms       | |  1.5
Stealth        | |  1.3
Spellcasting   | |  2.6
Invocations    | |  3.0

Action                   |  1- 3 |  4- 6 |  7- 9 || total
-------------------------+-------+-------+-------++-------
Melee: Trident           |    97 |   139 |   152 ||   388
       Unarmed           |    50 |       |    13 ||    63
       Tailslap          |     5 |    12 |    18 ||    35
       Dagger            |    10 |   106 |   133 ||   249
 Cast: Flame Tongue      |     2 |    26 |       ||    28
 Abil: Breathe Dart      |     2 |       |       ||     2
       Breathe Butterfli |       |       |     1 ||     1
  Use: Potion            |       |     1 |     8 ||     9
 Stab: Sleeping          |     2 |     4 |       ||     6
  Eat: Chunk             |       |     8 |     5 ||    13
Armor: Skin              |    21 |    65 |   203 ||   289
Dodge: Dodged            |    84 |   198 |   292 ||   574
